 Dungeon Crawl Stone Soup version 0.30-a0-242-g7bf8e6d787 (webtiles) character file.

Game seed: 946280675760331733

70 chippings the Firebug (level 4, -2/35 HPs)
             Began as a Human Cinder Acolyte on Oct 11, 2022.
             Was a High Priest of Ignis.
             Slain by Terence
             ... wielding a +0 falchion
              (6 damage)
             ... on level 2 of the Dungeon.
             The game lasted 00:06:22 (1348 turns).

chippings the Firebug (Human Cinder Acolyte)        Turns: 1348, Time: 00:06:23

Health: -2/35      AC:  6    Str: 18    XL:     4   Next: 44%
Magic:  0/7        EV: 14    Int: 13    God:    Ignis [*****.]
Gold:   95         SH:  0    Dex: 10    Spells: 3/7 levels left

rFire   + + .      SeeInvis .    a - -1 falchion (flame)
rCold   . . .      Faith    .    (no shield)
rNeg    . . .      Spirit   .    f - +0 ring mail
rPois   .          Reflect  .    (helmet restricted)
rElec   .          Harm     .    (no cloak)
rCorr   .          Rampage  .    (no gloves)
Will    .....                    i - +0 pair of boots
Stlth   ..........               (no amulet)
HPRegen 0.25/turn                o - ring of protection from fire
MPRegen 0.10/turn                d - +4 ring of evasion

@: very slightly contaminated
A: horns 1, strong 1
a: Renounce Religion, Fiery Armour, Foxfire Swarm, Rising Flame


You were on level 2 of the Dungeon.
You worshipped Ignis.
Ignis was extremely pleased with you.
You visited 1 branch of the dungeon, and saw 2 of its levels.

You collected 95 gold pieces.

Inventory:

Hand Weapons
 a - a -1 falchion of flaming (weapon)
 c - a +2 dagger of venom
Missiles
 p - 2 poisoned darts (quivered)
Armour
 f - a +0 ring mail (worn)
 i - a +0 pair of boots (worn)
 j - a +0 plate armour
Magical Staves
 l - a staff of air
Jewellery
 d - a +4 ring of evasion (right hand)
 o - a ring of protection from fire (left hand)
Scrolls
 b - 3 scrolls of noise
 k - a scroll of magic mapping
 q - a scroll of fog {unknown}
 r - a scroll of acquirement {unknown}
 s - a scroll of identify
Potions
 e - a potion of berserk rage {unknown}
 g - a potion of brilliance {unknown}
 h - a potion of mutation
 m - a potion of curing
 n - 2 potions of attraction {unknown}
 t - 2 potions of cancellation {unknown}


   Skills:
 - Level 3.0 Fighting
 + Level 3.7 Long Blades
 - Level 2.0 Spellcasting
 + Level 3.8 Fire Magic


You had 3 spell levels left.
You knew the following spells:

 Your Spells              Type           Power      Damage    Failure   Level
a - Scorch                Fire           22%        2d6       14%         2
b - Passwall              Tmut/Erth      0%         N/A       56%         2

Your spell library contained the following spells:

 Spells                   Type           Power      Damage    Failure   Level
 Magic Dart               Conj           4%         1d3       41%         1
 Ensorcelled Hibernation  Hex/Ice        2%         N/A       56%         2
 Searing Ray              Conj           2%         2d4       56%         2
 Swiftness                Air            1%         N/A       80%         3
 Fulminant Prism          Conj/Hex       0%         3d6       99%         4


Dungeon Overview and Level Annotations

Branches:
Dungeon (2/15)

Altars:

Annotations:
D:2 Terence


Innate Abilities, Weirdness & Mutations

You have a pair of small horns on your head.
Your muscles are strong. (Str +4, Int/Dex -1)


Message History

Terence is heavily wounded.
Terence misses you.
It was a potion of curing.
You feel better. Terence hits you with a +0 falchion.
You hit Terence. You burn Terence. You headbutt Terence, but do no damage.
Terence is severely wounded.
Terence hits you with a +0 falchion.
You hit Terence but do no damage. Your headbutt misses Terence.
Terence is severely wounded.
Terence closely misses you.
You barely miss Terence.
Terence is severely wounded.
Terence closely misses you.
You hit Terence but do no damage.
Terence is severely wounded.
Terence drinks a potion.
Terence is healed!
You completely miss Terence. Terence hits you with a +0 falchion.
Terence closely misses you.
You barely miss Terence. Terence completely misses you.
You hit Terence but do no damage. Terence hits you with a +0 falchion.
You hit Terence. You burn Terence. Your headbutt misses Terence.
Terence is lightly wounded.
Terence hits you but does no damage.
Casting: Scorch (safe; 14% risk of failure)
Confirm with . or Enter, or press ? or * to list all spells.
You miscast Scorch.
You are very lightly contaminated with residual magic.
Nothing appears to happen.
Terence hits you with a +0 falchion.
You hit Terence. You burn Terence.
Terence is moderately wounded.
Terence hits you with a +0 falchion.
* * * LOW HITPOINT WARNING * * *
You hit Terence. You burn Terence.
Terence is heavily wounded.
Terence hits you with a +0 falchion.
* * * LOW HITPOINT WARNING * * *
You hit Terence but do no damage.
Terence is heavily wounded.
Terence hits you with a +0 falchion.
You die...

####†.# #.#
#....##.#
......# ...
##.#.##.#
####†### ..
#......#
.......#
###.####
>###.#†# #.#
#<#†# #.#
#..#.# #.#
#.##.#
##########.#
#. #.#
#.†@@......#
.. ..#
#.##########
##. ### #.
#. #. #. #.
.. #


You could see Terence.

Vanquished Creatures
  An adder (D:2)
  A dart slug (D:1)
  3 bats (D:1)
  7 endoplasms
  2 giant cockroaches
  3 goblins
  6 hobgoblins
  9 jackals
  4 kobolds (D:2)
  2 quokkas
  6 ball pythons
  4 frilled lizards
  3 rats
51 creatures vanquished.

Notes
Turn   | Place    | Note
-------+----------+-------------------------------------------
     0 | D:1      | chippings the Human Cinder Acolyte began the quest for the
                  | Orb.
     0 | D:1      | Reached XP level 1. HP: 18/18 MP: 2/2
    81 | D:1      | Reached XP level 2. HP: 13/24 MP: 3/3
   431 | D:1      | Learned a level 2 spell: Scorch
   521 | D:1      | Reached XP level 3. HP: 27/29 MP: 2/5
   942 | D:1      | Learned a level 2 spell: Passwall
  1016 | D:2      | Gained mutation: You have a pair of small horns on your
                  | head. [potion of mutation]
  1016 | D:2      | Gained mutation: Your muscles are strong. (Str +4, Int/Dex
                  | -1) [potion of mutation]
  1049 | D:2      | Reached XP level 4. HP: 32/35 MP: 6/6
  1314 | D:2      | Noticed Terence
  1348 | D:2      | Slain by Terence

Illustrated notes

Levels and vault maps discovered:
D:1:      saegor_arrival_under_anarchy, layout_loops_ring,
          hangedman_decor_slide_cut, due_unseen_surprise
D:2:      layout_loops_cross, corexii_item_surrounded_by_moat, uniq_terence,
          uniq_natasha

Skill      XL: |  1  2  3  4 |
---------------+-------------+-----
Spellcasting   | 2 |  2.0
Fighting       | |  3.0
Long Blades    | |  3.7
Fire Magic     | |  3.8

Action                   |  1- 3 |  4- 6 || total
-------------------------+-------+-------++-------
Melee: Falchion          |    99 |    60 ||   159
       Punch             |     2 |       ||     2
       Headbutt          |     1 |    10 ||    11
 Cast: Scorch            |     9 |     3 ||    12
       Passwall          |     2 |       ||     2
  Use: Scroll            |     3 |       ||     3
       Potion            |     1 |     1 ||     2
Armor: Robe              |    22 |       ||    22
       Ring mail         |    28 |    10 ||    38
Dodge: Dodged            |    62 |    40 ||   102

Table legend: (Time is in decaauts)
 A = Elapsed time spent in this place.
 B = Non-inter-level travel time spent in this place.
 C = Inter-level travel time spent in this place.
 D = Time resting spent in this place.
 E = Time spent auto-exploring this place.
 F = Levels seen in this place.
 G = Mean time per level.
                   A        B        C        D        E       F      G
               +--------+--------+--------+--------+--------+-----+--------+
         Total |   1367 |   1355 |     12 |     32 |    624 |   2 |  683.5 |
       Dungeon |   1367 |   1355 |     12 |     32 |    624 |   2 |  683.5 |
               +--------+--------+--------+--------+--------+-----+--------+

Top non-repeatable levels by time:
     D:1: 869 daAuts
     D:2: 498 daAuts
